Cogmind - Beta 13 @@@ ROGUE MODE // 2024.07.17 @ 18:31:33 Player: jimmyl Result: Destroyed by G-47 Trooper with Particle Gun Performance ------------- Evolutions (0) 0 Regions Visited (1) 200 Robots Destroyed (21) 105 Value Destroyed (471) 471 Prototype IDs (2) 40 Alien Tech Used (0) 0 Bonus (0) 0 TOTAL SCORE: 816 Bonus ------- None Cogmind --------- Core Integrity 0/250 Matter 300/300 Energy 160/160 System Corruption 0% Temperature Cool (15) Movement Rolling (115) Ox1 Location -10/Materials Parts ------- > --- POWER (1) -------- Light Nuclear Core > --- PROPULSION (2) --- Compact Wheel > --- UTILITY (2) ------ Medium Storage Unit Utility Shielding > --- WEAPON (2) ------- Hammer Hammer > --- INVENTORY (10) --- Light Ion Engine Light Treads Light Treads Aluminum Leg Aluminum Leg EM Pulse Gun Assault Rifle Light Assault Rifle Peak State ------------ > --- POWER ------------ Light Nuclear Core > --- PROPULSION ------- Compact Wheel Compact Wheel > --- UTILITY ---------- Medium Storage Unit Utility Shielding > --- WEAPON ----------- Hammer Hammer > --- INVENTORY -------- Light Ion Engine Light Treads Light Treads Aluminum Leg Aluminum Leg EM Pulse Gun Assault Rifle Light Assault Rifle [Rating: 9] Favorites ----------- Power Ion Engine Engine Ion Engine Power Core Light Nuclear Core Propulsion Compact Wheel Leg Aluminum Leg Wheel Compact Wheel Utility Small Storage Unit Storage Small Storage Unit Protection Utility Shielding Weapon Hammer Energy Gun Small Laser Ballistic Gun Light Assault Rifle Impact Weapon Hammer Build | -11 -10 ------- Run | Yrd Mat Slots Evolved . | . . Power . | . . Propulsion . | . . Utility . | . . Weapon . | . . Parts Attached 10 | . 10 Power 1 | . 1 Engine . | . . Core 1 | . 1 Reactor . | . . Propulsion 5 | . 5 Treads . | . . Leg 1 | . 1 Wheel 4 | . 4 Hover . | . . Flight . | . . Utility 2 | . 2 Device . | . . Storage 1 | . 1 Processor . | . . Hackware . | . . Protection 1 | . 1 Artifact . | . . Weapon 2 | . 2 Energy Gun . | . . Energy Cannon . | . . Ballistic Gun . | . . Ballistic Cannon . | . . Launcher . | . . Special Weapon . | . . Impact Weapon 2 | . 2 Slashing Weapon . | . . Piercing Weapon . | . . Special Melee Weapon . | . . Unidentified Prototypes . | . . Parts Lost 3 | . 3 Power 1 | . 1 Propulsion 2 | . 2 Utility . | . . Weapon . | . . Highest Loss Streak 1 | . 1 To Critical Strikes . | . . Average Slot Usage (%) 94 | . 94 Engine 13 | . 13 Leg 7 | . 7 Wheel 20 | . 20 Storage 14 | . 14 Protection 10 | . 10 Energy Gun 5 | . 5 Ballistic Gun 3 | . 3 Impact Weapon 19 | . 19 Naked Turns . | . . Heaviest Build 20 | 12 20 Greatest Support 32 | 20 32 Greatest Overweight (x) 1 | . 1 Average Overweight (x) . | . . Largest Inventory Capacity 10 | 8 10 Average Capacity 8 | 8 8 Most Carried 9 | 6 9 Average Carried 7 | 6 7 Final Capacity 10 | 8 10 Final Carried 8 | 6 8 Class Distribution -------------------- 100% | Mutant Dominant Class ---------------- Mutant | -10/Materials Resources | -11 -10 ----------- Run | Yrd Mat Matter Collected 320 | 200 120 Remotely . | . . Salvage Created 673 | . 673 Parts 26 | . 26 Haulers Intercepted 2 | . 2 Recyclers Shooed . | . . Parts Field Recycled . | . . Retrieved Matter . | . . Parts Self-Destructed . | . . Prevented . | . . Kills | -11 -10 ------- Run | Yrd Mat Combat Hostiles Destroyed 14 | . 14 Melee 4 | . 4 Guns 6 | . 6 Classes Destroyed 6 | . 6 Worker 2 | . 2 Hauler 2 | . 2 Operator 2 | . 2 Watcher 1 | . 1 Swarmer 3 | . 3 Grunt 11 | . 11 Best Kill Streak 8 | . 8 Combat Bots Only 5 | . 5 Max Kills in Single Turn 1 | . 1 Gunslinging . | . . Exploded . | . . Melee 1 | . 1 Uniques/NPCs Destroyed . | . . Combat | -11 -10 -------- Run | Yrd Mat Hostile Shots Fired 79 | . 79 Missed 23 | . 23 Damage Taken 629 | . 629 Core 259 | . 259 Absorbed by Shields . | . . Redirected to Shielding 9 | . 9 Core Remaining (%) 100 | 100 . Volleys Fired 20 | . 20 Largest 2 | . 2 Hottest 60 | . 60 Shots Fired 40 | . 40 Gun 40 | . 40 Cannon . | . . Launcher . | . . Special . | . . Kinetic 20 | . 20 Thermal 20 | . 20 Explosive . | . . Electromagnetic . | . . Robot Hit Streak 4 | . 4 Robot Miss Streak 3 | . 3 Penetration Max . | . . Secondary Targets 1 | . 1 Max Gunslinging Chain 1 | . 1 Shots Hit Robots 50 | . 50 Core Hits 14 | . 14 Critical Kills 1 | . 1 Critical Parts Destroyed 7 | . 7 Critical Strikes 8 | . 8 Smash 8 | . 8 Melee Attacks 46 | . 46 Impact 46 | . 46 Slashing . | . . Piercing . | . . Sneak Attacks 9 | . 9 Combat Hostiles . | . . Follow-up Attacks 8 | . 8 Damage Inflicted 1214 | . 1214 Guns 216 | . 216 Cannons . | . . Explosions . | . . Melee 998 | . 998 Ramming . | . . Kinetic 110 | . 110 Thermal 106 | . 106 Explosive . | . . Electromagnetic . | . . Impact 998 | . 998 Slashing . | . . Piercing . | . . Highest Corruption . | . . Average Corruption . | . . Corruption Purged . | . . Corruption Blocked . | . . Overload Shots . | . . Overflow Damage 419 | . 419 Projectiles . | . . Explosions . | . . Melee 419 | . 419 Knockbacks 5 | . 5 Impact 5 | . 5 Kinetic . | . . Secondary . | . . Self-Inflicted Damage . | . . Shots . | . . Rammed . | . . Targets Rammed . | . . Kicked . | . . Crushed . | . . Highest Temperature 112 | . 112 Average Temperature 38 | . 38 Received Heat Transfer 297 | . 297 Siege Activations . | . . Robots Corrupted . | . . Combat Hostiles . | . . Parts Fried 11 | . 11 Impact Corruptions 18 | . 18 Robots Melted . | . . Combat Hostiles . | . . Parts Melted . | . . Heat Transferred 250 | . 250 Parts Sabotaged . | . . Parts Stolen . | . . Parts Stripped . | . . Power Chain Reactions . | . . Alert | -11 -10 ------- Run | Yrd Mat Peak Influence 325 | . 325 Initial . | . . Average 180 | . 181 Maximum Alert Level 1 | . 1 Low Security (%) 76 | 100 76 Level 1 23 | . 23 Level 2 . | . . Level 3 . | . . Level 4 . | . . Level 5 . | . . High Security . | . . Max Security . | . . Squads Dispatched 3 | . 3 Investigation 1 | . 1 Extermination . | . . Reinforcement 2 | . 2 Assault . | . . Garrison . | . . Intercept . | . . Searches Triggered . | . . Construction Impeded . | . . Haulers Reinforced . | . . Active Scanning Responses . | . . Cargo Convoy Interrupts . | . . Stealth | -11 -10 --------- Run | Yrd Mat Distress Signals 2 | . 2 Communications Jammed . | . . Distress Signals . | . . Times Spotted 25 | . 25 Peak Tracking Total 5 | . 5 Tactical Retreats 2 | . 2 Traps | -11 -10 ------- Run | Yrd Mat Traps Triggered 1 | . 1 Indirectly . | . . Trap Hack Attempts . | . . Triggered . | . . Disarmed . | . . Reprogrammed . | . . Reused . | . . Traps Extracted . | . . Installed . | . . Triggered . | . . Machines | -11 -10 ---------- Run | Yrd Mat Machines Disabled . | . . Max in Single Turn . | . . Machines Repaired . | . . Machines Dismantled . | . . Machines Sabotaged . | . . Overloaded Fab Kills . | . . Hacking | -11 -10 --------- Run | Yrd Mat Machines Accessed 3 | . 3 Terminals 3 | . 3 Fabricators . | . . Repair Stations . | . . Recycling Units . | . . Scanalyzers . | . . Garrison Access . | . . Total Hacks 10 | . 10 Successful 4 | . 4 Failed 6 | . 6 Catastrophic . | . . Database Lockouts . | . . Manual 1 | . 1 Terminals 10 | . 10 Fabricators . | . . Repair Stations . | . . Recycling Units . | . . Scanalyzers . | . . Garrison Access . | . . Terminal Hacks 4 | . 4 Prototype ID Bank 1 | . 1 Recycling Unit Index 1 | . 1 Alert Level 1 | . 1 Hauler Manifests 1 | . 1 Fabricator Hacks . | . . Repair Station Hacks . | . . Recycling Unit Hacks . | . . Scanalyzer . | . . Garrison Access Hacks . | . . Unauthorized Hacks . | . . Terminals . | . . Fabricators . | . . Repair Stations . | . . Recycling Units . | . . Scanalyzers . | . . Garrison Access . | . . Data Cores Recovered . | . . Used . | . . Hacking Detections 3 | . 3 Full Trace Events . | . . Feedback Events . | . . Feedback Blocked . | . . Robot Schematics Acquired . | . . Robots Built . | . . Authchips . | . . Time . | . . Total Robot Build Rating . | . . Part Schematics Acquired . | . . Parts Built . | . . Authchips . | . . Time . | . . Total Part Build Rating . | . . Parts Repaired . | . . Time . | . . Parts Recycled . | . . Recycled Matter . | . . Retrieved Matter . | . . Retrieved Components . | . . Parts Scanalyzed . | . . Part Schematics Acquired . | . . Parts Damaged . | . . Bothacking | -11 -10 ------------ Run | Yrd Mat Used RIF Installer . | . . Robots Hacked . | . . Non-combat . | . . Combat . | . . Robot Hacks Applied . | . . Relay Couplers Released . | . . Fabnet Peak Effective % . | . . Robots Rewired . | . . Allies Hacked . | . . Hacks Repelled . | . . Allies | -11 -10 -------- Run | Yrd Mat Total Allies . | . . Largest Group . | . . Highest-Rated Group . | . . Highest-Rated Ally . | . . Total Orders . | . . Ally Attacks . | . . Total Damage . | . . Kills . | . . Allies Corrupted . | . . Allies Melted . | . . Intel | -11 -10 ------- Run | Yrd Mat Robot Analysis Total . | . . Derelict Logs Recovered . | . . Drone Launches . | . . Drone Recoveries . | . . Exploration | -11 -10 ------------- Run | Yrd Mat Turns Passed 771 | 5 766 Spaces Moved 520 | 5 515 Core . | . . Treads . | . . Legs 93 | 5 88 Wheels 427 | . 427 Hover . | . . Flight . | . . Fastest Speed 100 | 120 100 Average Speed 103 | 120 103 Slowest Speed 120 | 120 120 Overloaded Moves . | . . Propulsion Burnouts . | . . Robots Hopped . | . . Cave-ins Triggered . | . . Exploration Rate (%) 29 | 2 57 Regions Visited 1 Branch Regions . Pre-discovered Areas . | . . Known Exits Taken . | . . Unknown Exits Taken 1 | 1 . Scrap Searched . | . . Spaces Dug 1 | . 1 Terrain Destroyed 1 | . 1 Melee 1 | . 1 Projectile . | . . AOE . | . . Terrain Rammed . | . . Walls Destroyed . | . . Machines Disabled . | . . Actions | -11 -10 --------- Run | Yrd Mat Total 650 | 4 646 Wait 57 | . 57 Move 519 | 4 515 Hop . | . . Pick Up 5 | . 5 Fast Attach 2 | . 2 Attach 2 | . 2 Detach . | . . Swap 6 | . 6 Drop 4 | . 4 Fire 20 | . 20 Melee 35 | . 35 Ram . | . . Kick . | . . Crush . | . . Escape Stasis . | . . Rewire . | . . Trap . | . . Miscellaneous . | . . Route ------- -11/Scrapyard -10/Materials (discovered 2 exits: [*Mat] / [*Min]) History --------- Turn | Location | Event 1 | -11/Scrapyard | Discovered new exit (range 2) 6 | -11/Scrapyard | Entered Materials 226 | -10/Materials | Discovered new exit (range 16) 319 | -10/Materials | Build established: Mutant 435 | -10/Materials | Core integrity fell below 50% 751 | -10/Materials | Discovered new exit (range 8) 762 | -10/Materials | Core integrity fell below 20% 772 | -10/Materials | Destroyed by G-47 Trooper with Particle Gun Last Messages --------------- 00709_ W-16 Scout sends out distress signal. 00720_ Ion Engine destroyed. 00721_ G-47 Trooper knocked back. 00726_ G-47 Trooper suffers critical hit (Smash). 00726_ G-47 Trooper destroyed. 00733_ Hammer follow-up attack on G-34 Mercenary. 00733_ G-34 Mercenary suffers critical hit (Smash). 00733_ Destroyed Sml. Laser. 00733_ G-34 Mercenary system corrupted by crushing effect. 00733_ Aluminum Leg fried. 00733_ G-34 Mercenary destroyed. 00740_ Acquired Lgt. Nuclear Core. 00742_ Acquired 10 matter. 00751_ EXIT=FOUND 00751_ R-06 Scavenger collects Particle Gun. 00755_ R-06 Scavenger collects Imp. Heat Sink. 00757_ W-16 Scout sends out distress signal. 00769_ G-47 Trooper knocked back. 00770_ Com. Wheel destroyed. Map ----- +----------------------------------------------------+ | ???????????? # # # # | | ???????????? # # # "" # | | ?????????????#/### ##### ## # %+%"T # | | ?????????????????## ######+## # %# "" # | | ??????????????????# # # # # # | | ??????????????????# # ######## # # | | ??????????????????# # ######## #! # | | ??????????????????# # # # # # | | ??????????????????# % + %! # # # # | | ??????????????????# # ! #""" %+ ###### | | ??????????????????### # ! #""" # #????# | | ????????????????????# # #""" # ###### | | ????????????????????# # # # # # | | ????????????????????# ################ # # | | ????????????????????# #????########### # [# | | ????????????????????# #????# # # + | | ??????????????????###+###### + + =#### | | ??????????????????# # # # #?# | | ??????????????????# % # # # #?# | | ??????????????????# #########?# # #?# | | ??????????????????# % #?????????# # #?# | | ??????????????????# #?????????# ######?# | | ??????????????????# #?????????# #??????# | | ??????????????????# #?????????# ######### | | ??????????????????# #?????????# | | ??????????????????# @g#?????????# ##### | | ??????????????????########g#?????????# #???# | | ???????????????????????? ????????# ##???# | | ?????????????????????? ????? #????# | | ???????????????????? ?? !?????# | | ???????????????????#######+### ##!!!!#?????# | | ?????????????????????????????? ######??????# | | ???????????????????????????????< #???????????# | | ???????????????????????????????? #???????????# | | ?????????????????????????????????#?????????###+##+ | | ???????????????????????????????????????????# | | ???????????????????????????????????????????# | | ???????????????????????????????????????????# | | ???????????????????????????????????????????# | | ???????????????????????????????????????????####### | | | | | | | | | | | | | | | | | | | | | +----------------------------------------------------+ Best States ------------- Heat Dissipation 25 Energy Generation 14 Energy Capacity 250 Matter Stores 300 Matter Capacity 300 Sight Range 16 Terrain Scan Density 10 Utility Shielding 33 Evasion (%) 55 Item Schematics ----------------- None Robot Schematics ------------------ None Fabricated ------------ Nothing Alien Tech Used ----------------- None Achievements -------------- None Challenges ------------ None Game ------ Seed ThunderDamperShielding Manual? 0 Play Time 00:10:19 Cumulative 67.0 hours Start 2024.07.17 @ 18:26:15 End 2024.07.17 @ 18:31:33 Sessions 1 Manual Loads 0 Difficulty Rogue Special Mode None Game No. 116 Rogue 116 Adventurer 0 Explorer 0 Win Type - Total 0 Types 0/0/0/0/0/0/0/0/0 Lore% 47 Gallery% 56 Achievement% 41 Wizard Run 0 Options --------- Layout 1 ASCII 0 Keyboard 0 Movement Mouse Keybinds 0 Fullscreen 2 Font 20/SmallcapsGlow Map View 54x42 Zoom Use 0% Tactical HUD 1 Map Filters NONE Filters NONE Steam 0 RUN: a0f30416-612c-44fc-b3a1-bba6b74d8a95